[Event "Team 45 45 League T54"]
[Site "Internet Chess Club"]
[Date "2012.08.17"]
[Round "1"]
[White "Manch"]
[Black "wildcat2023"]
[Result "1-0"]
[WhiteElo "1645"]
[BlackElo "1517"]
[Opening "Benko's opening"]
[ECO "A00"]
[Time "14:00:51"]
[TimeControl "2700+45"]

1. g3 e5 2. Bg2 d5 3. c4 Nf6 4. Nc3 c6 5. cxd5 cxd5 6. Nf3 Nc6 7. a3 Be7 8. d3
O-O 9. O-O Be6 10. Qc2 Qd7 11. b4 Bh3 12. Re1 Rac8 13. Qb3 h6 14. Bxh3 Qxh3 15.
Nxd5 e4 16. dxe4 Nxe4 17. Nxe7+ Nxe7 18. Bb2 Rc6 19. Rac1 Rd6 20. Red1 Rb6 21.
Rc7 Ng6 22. e3 a5 23. Rdd7 axb4 24. Rxf7 Qe6 25. Rxg7+ Kh8 26. Rxg6+ Qf6 27.
Rxh6# {Black checkmated} 1-0

[Event "Team 45 45 League T54"]
[Site "Internet Chess Club"]
[Date "2012.08.18"]
[Round "1"]
[White "Portola"]
[Black "spongenotbob"]
[Result "1-0"]
[WhiteElo "1678"]
[BlackElo "1786"]
[Opening "Queen's bishop game"]
[ECO "D02"]
[Time "17:00:35"]
[TimeControl "2700+45"]

1. d4 d5 2. Nf3 Nf6 3. Bf4 c6 4. c3 e6 5. e3 Nbd7 6. Bd3 Be7 7. Nbd2 b5 8. h3 a6
9. O-O c5 10. Qe2 O-O 11. e4 dxe4 12. Nxe4 Bb7 13. Rfd1 c4 14. Bc2 Bd5 15. Ned2
Qb6 16. Ng5 Qc6 17. Ngf3 Bd6 18. Bxd6 Qxd6 19. Ne5 Qc7 20. f4 h6 21. g4 Ne8 22.
g5 Nxe5 23. fxe5 Qe7 24. Kh2 Qxg5 25. Rg1 Qf4+ 26. Rg3 h5 27. Rf1 Qh6 28. Rfg1
Kh8 29. Rg5 g6 30. Nf3 Kh7 31. Nh4 Rg8 32. Rxh5 {Black resigns} 1-0

[Event "Team 45 45 League T54"]
[Site "Internet Chess Club"]
[Date "2012.08.17"]
[Round "1"]
[White "drsigmund1"]
[Black "g8wrb"]
[Result "0-1"]
[WhiteElo "1508"]
[BlackElo "1437"]
[Opening "Queen's pawn: London system"]
[ECO "A45"]
[Time "10:15:48"]
[TimeControl "2700+45"]

1. d4 Nf6 2. Bf4 b6 3. e3 Bb7 4. Nd2 e6 5. Ngf3 Be7 6. Bd3 c5 7. c3 Nc6 8. O-O
Nh5 9. Bg3 Nxg3 10. fxg3 O-O 11. Nc4 h6 12. Nfe5 d5 13. Nxc6 Bxc6 14. Ne5 Rc8
15. Bc2 Bb5 16. Rf2 Qc7 17. a4 Ba6 18. Qh5 Bg5 19. Re1 cxd4 20. exd4 Qe7 21. Ng6
fxg6 22. Qxg6 Rxf2 23. Qh7+ Kf8 24. Qh8+ Kf7 25. Qh7 Qf6 26. h4 Rf1+ 27. Rxf1
Be3+ 28. Kh2 Bxf1 {White resigns} 0-1

[Event "Team 45 45 League T54"]
[Site "Internet Chess Club"]
[Date "2012.08.18"]
[Round "1"]
[White "AtomicDog"]
[Black "sdcohle"]
[Result "1-0"]
[WhiteElo "1406"]
[BlackElo "1421"]
[Opening "Ruy Lopez: old Steinitz defense"]
[ECO "C62"]
[Time "14:11:35"]
[TimeControl "2700+45"]

1. e4 e5 2. Nf3 Nc6 3. Bb5 d6 4. d4 exd4 5. Nxd4 Bd7 6. Nc3 Nge7 7. O-O a6 8.
Bc4 Ne5 9. Bb3 g6 10. a3 Bg7 11. f4 N5c6 12. Be3 O-O 13. Qd2 Qc8 14. Rad1 Nxd4
15. Bxd4 Be6 16. Bxg7 Kxg7 17. f5 Bxb3 18. f6+ Kg8 19. Qh6 Nf5 20. exf5 Kh8 21.
Qg7# {Black checkmated} 1-0

[Event "Team 45 45 League T54"]
[Site "Internet Chess Club"]
[Date "2012.08.19"]
[Round "1"]
[White "LittleWarrior"]
[Black "parpin"]
[Result "1-0"]
[WhiteElo "1997"]
[BlackElo "1749"]
[Opening "Caro-Kann: two knights, 3...Bg4"]
[ECO "B11"]
[Time "10:00:09"]
[TimeControl "2700+45"]

1. e4 c6 2. Nc3 d5 3. Nf3 Bg4 4. exd5 cxd5 5. Bb5+ Nc6 6. h3 Bxf3 7. Qxf3 Nf6 8.
g4 e6 9. d4 Qb6 10. O-O Be7 11. Bxc6+ bxc6 12. Rd1 O-O 13. Rb1 c5 14. Be3 Nd7
15. dxc5 Bxc5 16. Na4 Qc6 17. Nxc5 Nxc5 18. c4 Rad8 19. cxd5 Qb5 20. d6 Nb7 21.
b4 Rd7 22. Bxa7 Ra8 23. Bc5 Rxa2 24. Ra1 Ra6 25. Rxa6 Qxa6 26. Qc3 Qc6 27. Qd4
h6 28. f4 h5 29. Kf2 hxg4 30. hxg4 Qa4 31. Kg3 Qc2 32. Qd3 Qa2 33. g5 f5 34. g6
e5 35. fxe5 f4+ 36. Kxf4 Qh2+ 37. Qg3 Qc2 38. Qh3 {Black resigns} 1-0

[Event "Team 45 45 League T54"]
[Site "Internet Chess Club"]
[Date "2012.08.18"]
[Round "1"]
[White "jjmolina"]
[Black "Fezzik"]
[Result "1/2-1/2"]
[WhiteElo "1829"]
[BlackElo "2174"]
[Opening "French: classical, Steinitz variation"]
[ECO "C14"]
[Time "01:04:15"]
[TimeControl "2700+45"]

1. e4 e6 2. d4 d5 3. Nc3 Nf6 4. Bg5 Be7 5. e5 Nfd7 6. Bxe7 Qxe7 7. f4 O-O 8. Nf3
c5 9. dxc5 f6 10. Bd3 Nc6 11. Qe2 fxe5 12. fxe5 Nxc5 13. O-O Bd7 14. Qe3 Be8 15.
Nd4 Nxd3 16. cxd3 Bg6 17. Nxc6 bxc6 18. d4 Qb4 19. b3 c5 20. Ne2 cxd4 21. Nxd4
Qb6 22. Rfc1 Rac8 23. Rxc8 Rxc8 24. Rf1 Be4 25. Qf2 h6 26. Kh1 Kh7 27. Qe3 Qc7
28. Qf4 Qb6 {Game drawn by mutual agreement} 1/2-1/2

[Event "Team 45 45 League T54"]
[Site "Internet Chess Club"]
[Date "2012.08.19"]
[Round "1"]
[White "siddhu"]
[Black "LucaTrapani"]
[Result "0-1"]
[WhiteElo "1878"]
[BlackElo "1838"]
[Opening "French: exchange variation"]
[ECO "C01"]
[Time "08:43:35"]
[TimeControl "2700+45"]

1. e4 e6 2. d4 d5 3. exd5 exd5 4. c4 Bb4+ 5. Bd2 Qe7+ 6. Be2 dxc4 7. Bxb4 Qxb4+
8. Qd2 Qe7 9. Na3 Bf5 10. Nxc4 Nc6 11. Ne3 Bg6 12. Nf3 Nf6 13. Bb5 Be4 14. Ne5
O-O 15. f3 Nxe5 16. fxe4 Nxe4 17. Nf5 Qe6 18. Qf4 Ng6 {White resigns} 0-1

[Event "Team 45 45 League T54"]
[Site "Internet Chess Club"]
[Date "2012.08.15"]
[Round "1"]
[White "KW-Winner"]
[Black "elmaestro"]
[Result "1-0"]
[WhiteElo "1928"]
[BlackElo "1809"]
[Opening "Grünfeld: Grünfeld gambit"]
[ECO "D83"]
[Time "22:45:36"]
[TimeControl "2700+45"]

1. d4 Nf6 2. Bf4 g6 3. c4 d5 4. Nc3 Bg7 5. e3 O-O 6. Bd3 dxc4 7. Bxc4 c6 8. h3
Nbd7 9. Nf3 b5 10. Bd3 Bb7 11. O-O a6 12. Rc1 c5 13. Bb1 c4 14. Ne5 Nxe5 15.
Bxe5 b4 16. Na4 Qd5 17. f3 Qb5 18. Nc5 Bc6 19. Qe2 c3 20. Bd3 Qa5 21. bxc3 bxc3
22. Qc2 Nd5 23. Bxg7 Kxg7 24. Rfe1 Bb5 25. Be4 Bc6 26. Nb3 Qa3 27. Bxd5 Bxd5 28.
Qxc3 Qxa2 29. Nc5 Rfb8 30. Rc2 Rb3 31. Nxb3 Qxb3 32. Qc5 Be6 33. Rc3 Qb2 34.
Rec1 Rc8 35. Qe5+ f6 36. Qxe6 Rxc3 37. Rxc3 Qxc3 38. Qxe7+ Kh6 39. d5 f5 40. d6
Qe1+ 41. Kh2 Qb4 42. f4 a5 43. Qg5+ Kg7 44. d7 h6 45. Qd8 {Black resigns} 1-0

[Event "Team 45 45 League T54"]
[Site "Internet Chess Club"]
[Date "2012.08.19"]
[Round "1"]
[White "Greedy-Reedy"]
[Black "SlimeDog2"]
[Result "0-1"]
[WhiteElo "1985"]
[BlackElo "2185"]
[Opening "Ruy Lopez: classical defense, Benelux variation"]
[ECO "C65"]
[Time "14:10:21"]
[TimeControl "2700+45"]

1. e4 e5 2. Nf3 Nc6 3. Bb5 Nf6 4. O-O Bc5 5. c3 O-O 6. d4 Bb6 7. dxe5 Nxe4 8.
Qd5 Nc5 9. Bf4 Ne7 10. Qd1 Ne6 11. Bg3 Nf5 12. Na3 Nxg3 13. hxg3 f6 14. Bc4 Qe7
15. Qe2 fxe5 16. Qxe5 d6 17. Qh5 c6 18. Ng5 g6 19. Bxe6+ Bxe6 20. Qe2 Rae8 21.
Nxe6 Qxe6 22. Qxe6+ Rxe6 23. Nc4 Re2 24. Nxb6 axb6 25. Rab1 Rc2 26. f3 Re8 27.
Rf2 Ree2 28. Rxe2 Rxe2 29. a4 Rc2 30. Kh2 Kf7 31. Kh3 h5 32. g4 hxg4+ 33. Kxg4
Rxg2+ 34. Kf4 Kf6 35. c4 Rc2 36. b3 Rc3 37. Ke4 Ke6 38. Rg1 Kf6 39. Rb1 g5 40.
f4 g4 41. Rg1 Rxb3 42. Rxg4 Rb4 43. Kd3 Rxa4 44. Rg8 Ra3+ 45. Ke4 Ra4 46. Kd3
Rb4 47. Rf8+ Ke6 48. f5+ Ke5 49. Kc3 c5 50. Rf7 b5 51. Rxb7 Rxc4+ 52. Kd3 Rd4+
53. Ke3 b4 54. Rf7 b3 55. f6 Rb4 {White resigns} 0-1

[Event "Team 45 45 League T54"]
[Site "Internet Chess Club"]
[Date "2012.08.19"]
[Round "1"]
[White "Nakke"]
[Black "sonoftill"]
[Result "0-1"]
[WhiteElo "1949"]
[BlackElo "1909"]
[Opening "Nimzo-Indian: classical, Noa variation, main line, 7.Qc2"]
[ECO "E37"]
[Time "10:22:30"]
[TimeControl "2700+45"]

1. d4 Nf6 2. c4 e6 3. Nc3 Bb4 4. Qc2 d5 5. a3 Bxc3+ 6. Qxc3 Ne4 7. Qc2 c5 8.
dxc5 Nc6 9. Nf3 Qa5+ 10. Bd2 Nxd2 11. Qxd2 dxc4 12. Qxa5 Nxa5 13. Rc1 b5 14.
cxb6 axb6 15. Nd4 Bd7 16. e3 Rc8 17. Be2 e5 18. Nc2 Nb3 19. Rd1 c3 20. bxc3 Rxc3
21. Rd3 Rxc2 22. Rxb3 Rc1+ 23. Bd1 Ba4 24. Rd3 Ke7 25. O-O {White resigns} 0-1

[Event "Team 45 45 League T54"]
[Site "Internet Chess Club"]
[Date "2012.08.21"]
[Round "1"]
[White "LukeOZade"]
[Black "barbak"]
[Result "0-1"]
[WhiteElo "1669"]
[BlackElo "1953"]
[Opening "Caro-Kann: advance variation"]
[ECO "B12"]
[Time "13:00:42"]
[TimeControl "2700+45"]

1. e4 c6 2. d4 d5 3. e5 c5 4. c3 Nc6 5. Nf3 Bg4 6. Be3 e6 7. Qb3 Qb6 8. Nbd2 c4
9. Qc2 Nge7 10. Be2 Nf5 11. O-O Be7 12. b3 cxb3 13. axb3 Kf8 14. h3 Nxe3 15.
fxe3 Bf5 16. Bd3 Bxd3 17. Qxd3 g6 18. e4 Kg7 19. exd5 exd5 20. Kh1 Rhf8 21. Nh2
f6 22. exf6+ Rxf6 23. Ng4 Rxf1+ 24. Rxf1 Rf8 25. Rxf8 Bxf8 26. Qf3 Qd8 27. Qf4
Bd6 28. Qf3 Qg5 29. Nf1 h5 30. Nge3 Ne7 31. g4 a5 32. gxh5 Qxh5 33. Kg2 b5 34.
Ng4 Qf5 35. Nge3 Qxf3+ 36. Kxf3 a4 37. bxa4 bxa4 38. c4 dxc4 39. Nxc4 a3 40.
Nfd2 a2 41. Nb3 Bb4 42. Nb2 Bc3 43. Nc1 a1=Q {White resigns} 0-1

[Event "Team 45 45 League T54"]
[Site "Internet Chess Club"]
[Date "2012.08.20"]
[Round "1"]
[White "lasker25"]
[Black "seikster"]
[Result "1-0"]
[WhiteElo "1923"]
[BlackElo "1786"]
[Opening "French: Winawer, advance, positional main line"]
[ECO "C19"]
[Time "18:00:27"]
[TimeControl "2700+45"]

1. e4 e6 2. d4 d5 3. Nc3 Bb4 4. e5 c5 5. a3 Bxc3+ 6. bxc3 Ne7 7. Nf3 Nbc6 8. a4
O-O 9. Bd3 Qa5 10. O-O Nf5 11. Ba3 Rd8 12. Bxc5 b6 13. Bd6 Nxd6 14. exd6 h6 15.
Ne5 Qxc3 16. Nxf7 Rd7 17. Qg4 Rxf7 18. Qg6 Rf8 19. Qh7+ Kf7 20. Bg6+ Kf6 21. Bh5
Nxd4 22. Qg6+ Ke5 23. Qxg7+ Kxd6 24. Qxf8+ {Black resigns} 1-0

[Event "Team 45 45 League T54"]
[Site "Internet Chess Club"]
[Date "2012.08.17"]
[Round "1"]
[White "creditordebit"]
[Black "rayonline53"]
[Result "1-0"]
[WhiteElo "1953"]
[BlackElo "1582"]
[Opening "Caro-Kann: two knights variation"]
[ECO "B10"]
[Time "18:31:05"]
[TimeControl "2700+45"]

1. e4 c6 2. Nf3 d5 3. Nc3 dxe4 4. Nxe4 Bf5 5. Ng3 Bg6 6. h4 h6 7. Ne5 Bh7 8. Qh5
g6 9. Bc4 e6 10. Qe2 Qe7 11. O-O Bg7 12. Re1 Nd7 13. Nxf7 Qxf7 14. Bxe6 Qe7 15.
Bxd7+ Kxd7 16. Qg4+ {Black resigns} 1-0

[Event "Team 45 45 League T54"]
[Site "Internet Chess Club"]
[Date "2012.08.15"]
[Round "1"]
[White "nursey"]
[Black "wildkingdumb2"]
[Result "0-1"]
[WhiteElo "1610"]
[BlackElo "1767"]
[Opening "Ruy Lopez: 5.O-O"]
[ECO "C78"]
[Time "15:48:58"]
[TimeControl "2700+45"]

1. e4 e5 2. Nf3 Nc6 3. Bb5 a6 4. Ba4 Nf6 5. O-O b5 6. Bb3 Be7 7. d3 d6 8. a4 Bb7
9. axb5 axb5 10. Rxa8 Qxa8 11. Nc3 O-O 12. Nxb5 Qa5 13. Nc3 h6 14. Be3 Nb4 15.
Qe2 c5 16. Rd1 Nc6 17. Nd5 Nxd5 18. Bxd5 Qb6 19. c3 Na5 20. Bxb7 Qxb7 21. Ra1
Ra8 22. Ra2 Nb3 23. Rxa8+ Qxa8 24. Qd1 Qa2 25. Bc1 Qa1 26. d4 Qxc1 27. Qxc1 Nxc1
28. dxc5 dxc5 29. Nxe5 Bf6 30. Nd7 Nd3 31. Nxf6+ gxf6 32. b3 Kf8 33. f3 Ke7 34.
Kf1 Kd6 35. g3 Ke5 36. h4 Nc1 37. b4 cxb4 38. cxb4 Nd3 39. b5 Kd6 40. Ke2 Nc5
41. Ke3 Ne6 42. b6 Kc6 43. e5 fxe5 44. Ke4 f6 45. Kf5 Nd4+ 46. Kxf6 Nxf3 47. Kg6
Kxb6 48. Kxh6 e4 49. h5 e3 50. Kg7 e2 51. h6 Ng5 52. h7 Nxh7 53. Kxh7 e1=Q 54.
g4 Qh4+ {White resigns} 0-1

[Event "Team 45 45 League T54"]
[Site "Internet Chess Club"]
[Date "2012.08.18"]
[Round "1"]
[White "KyleMayhugh"]
[Black "doublepar"]
[Result "0-1"]
[WhiteElo "1584"]
[BlackElo "1621"]
[Opening "Ruy Lopez: closed, 8.c3"]
[ECO "C89"]
[Time "21:01:39"]
[TimeControl "2700+45"]

1. e4 e5 2. Nf3 Nc6 3. Bb5 a6 4. Ba4 Nf6 5. O-O b5 6. Bb3 Be7 7. Re1 O-O 8. c3
Bb7 9. d4 d6 10. Nbd2 Na5 11. Bc2 c5 12. dxe5 dxe5 13. Nxe5 Qc7 14. Ng4 Rad8 15.
Nxf6+ Bxf6 16. Qe2 Nc6 17. Nf3 Ne5 18. Nxe5 Bxe5 19. g3 Rfe8 20. Qg4 Bc8 21. Qh5
g6 22. Qh4 Qc6 23. Bf4 Bxf4 24. Qxf4 Bh3 25. Qh4 Qe6 26. Bb3 c4 27. Bc2 Rd2 28.
Rac1 Qb6 29. Qf4 Red8 30. Qf3 Kg7 31. Red1 Bg4 {White resigns} 0-1

[Event "Team 45 45 League T54"]
[Site "Internet Chess Club"]
[Date "2012.08.17"]
[Round "1"]
[White "kingsleywang"]
[Black "drsigmund1"]
[Result "0-1"]
[WhiteElo "1490"]
[BlackElo "1524"]
[Opening "French: advance, Euwe variation"]
[ECO "C02"]
[Time "21:30:36"]
[TimeControl "2700+45"]

1. e4 e6 2. d4 d5 3. e5 c5 4. c3 Nc6 5. Nf3 Bd7 6. Be3 Qb6 7. Qd2 Be7 8. Be2
O-O-O 9. a3 c4 10. Ng5 Rf8 11. Bh5 g6 12. Be2 h6 13. Nf3 Na5 14. Bd1 g5 15. h3
f5 16. exf6 Nxf6 17. Qc1 Nb3 18. Bxb3 Qxb3 19. Nbd2 Qb6 20. Ne5 Be8 21. Qc2 Rhg8
22. O-O-O Nh5 23. Rhf1 Ng7 24. g4 h5 25. Ng6 Bxg6 26. Qxg6 hxg4 27. hxg4 Nf5 28.
Qh5 Rh8 29. Qg6 Rh6 30. gxf5 Rxg6 31. fxg6 Rg8 32. Rg1 Rxg6 33. f4 g4 34. Rg2 g3
35. Rdg1 Bh4 36. Nf1 Qd8 37. Nxg3 Qg8 38. Bf2 Qf7 39. Ne2 Rxg2 40. Rxg2 Bxf2 41.
Rxf2 Qh5 42. Kd2 Qf5 43. Nc1 Qe4 44. Rf1 Qg2+ {White resigns} 0-1

[Event "Team 45 45 League T54"]
[Site "Internet Chess Club"]
[Date "2012.08.18"]
[Round "1"]
[White "nosir"]
[Black "XGG123"]
[Result "1/2-1/2"]
[WhiteElo "1498"]
[BlackElo "1384"]
[Opening "Sicilian"]
[ECO "B50"]
[Time "19:12:35"]
[TimeControl "2700+45"]

1. e4 c5 2. Nf3 d6 3. g3 Nc6 4. Bg2 g6 5. d3 Bg7 6. O-O Nf6 7. Re1 O-O 8. Nbd2
Bd7 9. Nf1 Qc8 10. c3 Bh3 11. Bd2 Bxg2 12. Kxg2 h6 13. Qc1 Kh7 14. Ne3 e6 15. h3
Qd7 16. Nc4 b5 17. Ne3 Rac8 18. Qd1 Ne5 19. Qe2 c4 20. Nxe5 dxe5 21. dxc4 Nxe4
22. Rad1 bxc4 {Game drawn by mutual agreement} 1/2-1/2

[Event "Team 45 45 League T54"]
[Site "Internet Chess Club"]
[Date "2012.08.19"]
[Round "1"]
[White "hi12980"]
[Black "dscvdchk"]
[Result "0-1"]
[WhiteElo "1597"]
[BlackElo "1512"]
[Opening "Scandinavian gambit"]
[ECO "B01"]
[Time "15:36:59"]
[TimeControl "2700+45"]

1. e4 d5 2. exd5 Nf6 3. c4 c6 4. Nc3 cxd5 5. Nf3 d4 6. Nb5 Nc6 7. d3 a6 8. Na3
e5 9. Nc2 Be7 10. Bd2 O-O 11. Qe2 b5 12. Nxe5 Nxe5 13. Qxe5 Re8 14. O-O-O Ng4
15. Qe2 Bf6 16. Qf3 Be6 17. Bf4 Ne5 18. Bxe5 Bxe5 19. Be2 Qc7 20. b3 Rac8 21.
Na3 Qa5 22. Kb2 Qc3+ 23. Kb1 bxc4 24. Rc1 Qb4 25. Nxc4 Bxc4 26. dxc4 Qa3 27. Rc2
a5 28. Rd2 Qb4 29. Kc2 Qa3 30. Kb1 Rb8 31. Bd1 Rec8 32. Qd3 a4 33. Re1 Bf6 34.
Bc2 g6 35. h4 Rd8 36. h5 axb3 37. Bxb3 Rb7 38. Rde2 Kg7 39. Qd2 g5 40. f4 d3 41.
Qb2 Bxb2 42. Rxb2 gxf4 43. Rf1 Rd4 44. Rd1 Qe7 45. Kc1 Qe3+ 46. Kb1 d2 {White
resigns} 0-1

[Event "Team 45 45 League T54"]
[Site "Internet Chess Club"]
[Date "2012.08.20"]
[Round "1"]
[White "lawth3"]
[Black "browndeer"]
[Result "1-0"]
[WhiteElo "1284"]
[BlackElo "1434"]
[Opening "Grünfeld: exchange variation"]
[ECO "D85"]
[Time "13:00:38"]
[TimeControl "2700+45"]

1. d4 Nf6 2. c4 g6 3. Nc3 d5 4. cxd5 Nxd5 5. e4 Nxc3 6. bxc3 Bg7 7. Be3 c5 8.
Nf3 cxd4 9. cxd4 O-O 10. Rc1 Qa5+ 11. Qd2 Qxd2+ 12. Bxd2 Bg4 13. Be2 Bxf3 14.
Bxf3 Bxd4 15. Rc7 e5 16. Rxb7 Nc6 17. Rb5 Rfb8 18. Rxb8+ Rxb8 19. O-O Nb4 20.
Rb1 Nc6 21. Rxb8+ Nxb8 22. g4 Nc6 23. Kg2 Bc5 24. a4 Nb4 25. Be2 Nc6 26. a5 Kf8
27. g5 Nd4 28. Bc4 Ke7 29. Kg3 Ke8 30. a6 Kf8 31. h4 Ne6 32. Bc3 Bd6 33. Kg4 Nc5
34. f3 Ne6 35. h5 Nf4 36. hxg6 fxg6 37. Bd2 Nh5 38. Be3 Bb8 39. Kh3 Kg7 40. Kg2
Kf8 41. Kf2 Kg7 42. Ke2 Ng3+ 43. Kd3 Nh5 44. Kc3 Kh8 45. Kb4 Ng7 46. Kb5 Ne8 47.
Bc5 Nc7+ 48. Kc6 Ne8 49. Kb7 Bd6 50. Kc6 Bxc5 51. Kxc5 Kg7 52. Kc6 h6 53. gxh6+
Kxh6 54. Kb7 Nd6+ 55. Kxa7 Nxc4 56. Kb7 Na5+ 57. Kc7 Nb3 58. a7 Nd4 59. a8=Q
Nxf3 60. Qf8+ Kg5 61. Qxf3 Kh4 62. Qf6+ Kh5 63. Qxe5+ g5 64. Qf5 Kh4 65. e5 g4
66. e6 g3 67. Qf1 {Black resigns} 1-0

[Event "Team 45 45 League T54"]
[Site "Internet Chess Club"]
[Date "2012.08.19"]
[Round "1"]
[White "oldsj"]
[Black "chesskix"]
[Result "1-0"]
[WhiteElo "1660"]
[BlackElo "1474"]
[Opening "Sicilian: Labourdonnais-Löwenthal (Kalashnikov) variation"]
[ECO "B32"]
[Time "14:00:58"]
[TimeControl "2700+45"]

1. e4 c5 2. Nf3 Nc6 3. d4 cxd4 4. Nxd4 e5 5. Nb5 d6 6. c4 a6 7. N5a3 Nf6 8. Nc3
Be7 9. Be2 O-O 10. O-O Nd4 11. Nc2 Nxe2+ 12. Qxe2 Bd7 13. Ne3 Ne8 14. Ned5 Bg5
15. Be3 Bxe3 16. Qxe3 Bc6 17. Rad1 Qh4 18. Rd3 f5 19. Qh3 Qxh3 20. Rxh3 f4 21.
Ne7+ Kf7 22. Nxc6 bxc6 23. Rxh7 Kg6 24. Rh3 Nf6 25. Rd3 Rad8 26. Rfd1 Ne8 27. c5
Rf6 28. cxd6 Rdxd6 29. Na4 Rxd3 30. Rxd3 Nd6 31. Nc5 Kf7 32. b3 a5 33. a4 g5 34.
f3 Ke7 35. Kf1 Rg6 36. Ke1 g4 37. Kd1 gxf3 38. gxf3 Rg1+ 39. Kc2 Rg2+ 40. Rd2
Rg1 41. Nd3 Ke6 42. Nf2 c5 43. Ng4 Nxe4 44. fxe4 Rxg4 45. Kd3 Rh4 46. Rf2 Rh3+
47. Kc4 Re3 48. Kxc5 Rxb3 49. h4 Rb4 50. h5 Rxe4 51. h6 f3 52. Rxf3 Rh4 53. Rd3
Rxa4 54. Rh3 Ra1 55. h7 Rc1+ 56. Kb6 Rc8 57. h8=Q Rxh8 58. Rxh8 a4 59. Rh4 a3
60. Ra4 Kd5 61. Rxa3 Kd4 62. Ra8 e4 63. Rd8+ Ke3 64. Kc5 Kf3 65. Kd4 e3 66. Rf8+
Ke2 67. Re8 {Black resigns} 1-0

[Event "Team 45 45 League T54"]
[Site "Internet Chess Club"]
[Date "2012.08.20"]
[Round "1"]
[White "palm47"]
[Black "Tjet"]
[Result "1/2-1/2"]
[WhiteElo "1442"]
[BlackElo "1399"]
[Opening "Réti opening"]
[ECO "A04"]
[Time "19:00:21"]
[TimeControl "2700+45"]

1. Nf3 g6 2. c4 Bg7 3. d4 d6 4. g3 c6 5. Bg2 Nf6 6. Nc3 O-O 7. O-O Na6 8. e4 Nc7
9. b3 Bg4 10. Be3 Re8 11. Qd2 Bxf3 12. Bxf3 e5 13. dxe5 dxe5 14. Rad1 Qxd2 15.
Rxd2 b6 16. Rfd1 c5 17. Kg2 Ne6 18. Nd5 Nxd5 19. cxd5 Nd4 20. Bxd4 exd4 21. Re2
a5 22. Bg4 f5 23. exf5 Rxe2 24. Bxe2 gxf5 25. Bb5 Rd8 26. Re1 Kf8 27. Bc6 Kf7
28. a4 Bf6 29. Re6 Rc8 30. Kf3 Rc7 31. Be8+ Kg7 32. d6 Rc8 33. d7 Rb8 34. Kf4
Bd8 35. Kxf5 b5 36. Rc6 Rb6 37. Rc8 bxa4 38. bxa4 d3 39. Rxd8 d2 40. Bh5 Rd6 41.
Bd1 c4 42. Ke5 Rd3 43. Ke4 Rd6 44. Ke5 Rd3 45. Ke4 Rd6 46. Ke5 Rd3 {Game drawn
by repetition} 1/2-1/2

[Event "Team 45 45 League T54"]
[Site "Internet Chess Club"]
[Date "2012.08.20"]
[Round "1"]
[White "kingsrook"]
[Black "Fogbound"]
[Result "1-0"]
[WhiteElo "1290"]
[BlackElo "1235"]
[Opening "Dutch"]
[ECO "A80"]
[Time "14:00:57"]
[TimeControl "2700+45"]

1. d4 f5 2. Nf3 e6 3. Bf4 Nf6 4. h3 d5 5. e3 Be7 6. Nbd2 c6 7. Bd3 O-O 8. O-O
Nbd7 9. Re1 Ne4 10. a3 Ndf6 11. c4 Bd7 12. Ne5 Be8 13. Rc1 Nh5 14. Bh2 Nhf6 15.
f3 Ng5 16. cxd5 cxd5 17. Qb3 Rb8 18. h4 Nge4 19. fxe4 fxe4 20. Be2 Qa5 21. Qc3
Qxc3 22. Rxc3 Bd6 23. Rec1 Ba4 24. Bf4 Be8 25. g4 h6 26. g5 Nh7 27. Bg4 Rf5 28.
Bxf5 exf5 29. Rc8 hxg5 30. hxg5 Nf8 31. Rxb8 Bxb8 32. Rc8 Bxe5 33. Bxe5 Kf7 34.
Rc7+ Kg6 35. Rxg7+ Kh5 36. Rg8 Ng6 37. Rxe8 Kg4 38. Bf6 f4 39. exf4 Nxf4 40. Rg8
Ne2+ 41. Kf2 Nf4 42. Nf1 Nd3+ 43. Ke3 Nxb2 44. g6 Nd1+ 45. Kd2 Nb2 46. Rd8 Nc4+
47. Kc3 Nb6 48. g7 Na4+ 49. Kd2 Kf5 50. Be5 Nb6 51. g8=Q Nc4+ 52. Ke2 Nxe5 53.
dxe5 Kxe5 54. Qe8+ Kd4 55. Rc8 b5 56. Qh8# {Black checkmated} 1-0

[Event "Team 45 45 League T54"]
[Site "Internet Chess Club"]
[Date "2012.08.18"]
[Round "1"]
[White "rahulr"]
[Black "BrerRabbit"]
[Result "1-0"]
[WhiteElo "1577"]
[BlackElo "1498"]
[Opening "King's Indian: Andersson variation"]
[ECO "E92"]
[Time "19:06:57"]
[TimeControl "2700+45"]

1. d4 Nf6 2. c4 g6 3. Nc3 Bg7 4. e4 d6 5. Nf3 O-O 6. Be2 e5 7. dxe5 dxe5 8. Bg5
Nbd7 9. O-O c6 10. Qd6 Re8 11. Rfd1 Qb6 12. Qd2 Nc5 13. Be3 Ng4 14. Na4 Nxe4 15.
Nxb6 Nxd2 16. Nxa8 Nxf3+ 17. Bxf3 Nxe3 18. fxe3 e4 19. Nc7 Rf8 20. Bxe4 Be5 21.
Na6 bxa6 22. Rab1 Be6 23. b3 c5 24. Rd3 Rb8 25. Rbd1 Bc7 26. h3 a5 27. Bd5 Bf5
28. e4 Bd7 29. Bxf7+ Kxf7 30. Rxd7+ {Black resigns} 1-0

[Event "Team 45 45 League T54"]
[Site "Internet Chess Club"]
[Date "2012.08.17"]
[Round "1"]
[White "matthewc"]
[Black "Ocius"]
[Result "1-0"]
[WhiteElo "1362"]
[BlackElo "1344"]
[Opening "Réti opening"]
[ECO "A04"]
[Time "22:06:34"]
[TimeControl "2700+45"]

1. Nf3 Nc6 2. c4 Nf6 3. d3 e6 4. Nc3 d5 5. Bg5 Be7 6. Qb3 d4 7. Ne4 Bb4+ 8. Bd2
a5 9. Bxb4 Nxb4 10. Nxf6+ Qxf6 11. a3 Nc6 12. g3 Bd7 13. Bg2 b6 14. Qb5 O-O 15.
Nd2 Nb4 16. Qxd7 Nc2+ 17. Kd1 Nxa1 18. Bxa8 Rxa8 19. Qxc7 Qxf2 20. Rf1 Qxf1+ 21.
Nxf1 Rf8 22. Nd2 h6 23. Qe7 a4 24. Qb4 Ra8 25. Kc1 {Black resigns} 1-0

[Event "Team 45 45 League T54"]
[Site "Internet Chess Club"]
[Date "2012.08.16"]
[Round "1"]
[White "Check101"]
[Black "PsyMar"]
[Result "1-0"]
[WhiteElo "1558"]
[BlackElo "1305"]
[Opening "Ruy Lopez: open, classical defense"]
[ECO "C83"]
[Time "13:41:29"]
[TimeControl "2700+45"]

1. e4 e5 2. Nf3 Nc6 3. Bb5 a6 4. Ba4 Nf6 5. O-O Nxe4 6. d4 b5 7. Bb3 d5 8. dxe5
Be6 9. c3 Be7 10. Nbd2 O-O 11. Bc2 f5 12. exf6 Nxd2 13. Bxh7+ Kh8 14. fxg7+ Kxg7
15. Qxd2 Rxf3 16. Qh6+ Kh8 17. Bf5+ Kg8 18. Bxe6+ Rf7 19. Qg6+ Kf8 20. Qxf7#
{Black checkmated} 1-0

[Event "Team 45 45 League T54"]
[Site "Internet Chess Club"]
[Date "2012.08.18"]
[Round "1"]
[White "siddhu"]
[Black "jantonio"]
[Result "0-1"]
[WhiteElo "1898"]
[BlackElo "1573"]
[Opening "Pirc: classical (two knights) system"]
[ECO "B08"]
[Time "13:01:06"]
[TimeControl "2700+45"]

1. e4 d6 2. d4 Nf6 3. Nc3 g6 4. Nf3 Bg7 5. Bc4 c6 6. e5 dxe5 7. Nxe5 O-O 8. O-O
Nbd7 9. Bg5 Nb6 10. Bb3 a5 11. a4 Nbd5 12. Nxd5 cxd5 13. Re1 Be6 14. Qe2 Ne4 15.
Bh4 g5 16. Bg3 Nxg3 17. hxg3 Qc7 18. Nxf7 Bxf7 19. Qxe7 Qxe7 20. Rxe7 Bxd4 21.
c3 Bc5 22. Rxb7 Rab8 23. Rb5 Rxb5 24. axb5 Bb6 25. Kh2 Bxf2 26. Rxa5 Rb8 27. Bd1
Rb6 28. Be2 Rh6+ {White resigns} 0-1

[Event "Team 45 45 League T54"]
[Site "Internet Chess Club"]
[Date "2012.08.18"]
[Round "1"]
[White "parrot9"]
[Black "jotap"]
[Result "1/2-1/2"]
[WhiteElo "1612"]
[BlackElo "1634"]
[Opening "Ruy Lopez: 5.O-O"]
[ECO "C78"]
[Time "09:00:37"]
[TimeControl "2700+45"]

1. e4 e5 2. Nf3 Nc6 3. Bb5 a6 4. Ba4 Nf6 5. O-O b5 6. Bb3 Bc5 7. d3 h6 8. c3 O-O
9. Re1 Ba7 10. Nbd2 Re8 11. Nf1 Na5 12. Bc2 c6 13. d4 d6 14. dxe5 Ng4 15. Re2
Nxe5 16. Nxe5 dxe5 17. Be3 Bg4 18. f3 Be6 19. Rd2 Bxe3+ 20. Nxe3 Qg5 21. Qe2 Nc4
22. Nxc4 Bxc4 23. Bd3 Rad8 24. b3 Be6 25. Rad1 Rd7 26. Bc2 Red8 27. Rxd7 Rxd7
28. Rxd7 Bxd7 29. c4 Be6 30. Bd3 Kf8 31. Qc2 Qe3+ 32. Kf1 Ke7 33. Qe2 Qxe2+ 34.
Kxe2 Kd6 35. Kd2 Kc5 36. cxb5 cxb5 37. Kc3 b4+ 38. Kd2 a5 39. Ke3 h5 40. h3 h4
41. Bc2 g5 42. Bd3 Bd7 43. Bc2 Bb5 44. Bd3 a4 45. Bxb5 Kxb5 46. Kd3 f6 47. Ke3
a3 48. Kd3 Kc5 49. Ke3 Kb5 50. Kd3 Kc5 51. Ke3 Kb5 52. Kd3 {Game drawn by
repetition} 1/2-1/2